 Dungeon Crawl Stone Soup version 0.29-a0-468-ge57f7f99b4 (webtiles) character file.

Game seed: 4397091147437017377

1 avis the Chopper (level 1, 0/19 HPs)
             Began as a Hill Orc Monk on May 21, 2022.
             Frozen to death by an endoplasm (5 damage)
             ... on level 1 of the Dungeon.
             The game lasted 00:00:56 (34 turns).

avis the Chopper (Hill Orc Monk)                      Turns: 34, Time: 00:00:56

Health: 0/19       AC:  2    Str: 13    XL:     1   Next: 20%
Magic:  1/1        EV: 12    Int: 10    God:
Gold:   0          SH:  0    Dex: 13    Spells: 0/0 levels left

rFire   . . .      SeeInvis .   a - +0 hand axe
rCold   . . .      Faith    .   (no shield)
rNeg    . . .      Spirit   .   b - +0 robe
rPois   .          Reflect  .   (no helmet)
rElec   .          Harm     .   (no cloak)
rCorr   .          Rampage  .   (no gloves)
Will    .....                   (no boots)
Stlth   ++........              (no amulet)
HPRegen 0.06/turn               (no ring)
MPRegen 0.07/turn               (no ring)

@: no status effects
A: no striking features
a: no special abilities


You were on level 1 of the Dungeon.
You visited 1 branch of the dungeon, and saw 1 of its levels.

Inventory:

Hand Weapons
 a - a +0 hand axe (weapon)
Armour
 b - a +0 robe (worn)
Potions
 c - a potion of ambrosia


   Skills:
 - Level 3.6 Fighting
 * Level 4.1 Axes
 - Level 2.4 Dodging
 - Level 1.5 Stealth


You couldn't memorise any spells.
You didn't know any spells.
Your spell library was empty.

Dungeon Overview and Level Annotations

Branches:
Dungeon (1/15)

Altars:

Shops:
D:1 =


Message History

A kobold comes into view.
It is wielding a +1 short sword of draining.
Found a stone staircase leading down.
The kobold shouts!
The ball python hisses angrily.
A rat comes into view.
Found 16 gold pieces.
Found Raeranna's Jewellery Emporium.
An endoplasm comes into view.
You barely miss the ball python. The ball python closely misses you.
The ball python grabs you. The ball python constricts you.
You escape the ball python's grasp.
You barely miss the ball python. The ball python bites you.
The ball python grabs you. The ball python constricts you.
You closely miss the ball python. The ball python bites you.
The ball python constricts you.
You hit the ball python.
You kill the ball python!
You barely miss the rat. The rat bites you.
You barely miss the rat. The rat barely misses you.
You hit the rat.
The rat is heavily wounded.
The rat barely misses you.
You hit the rat.
You kill the rat!
You hit the endoplasm.
The endoplasm is severely wounded.
The endoplasm freezes you.
You are frozen.
You hit the endoplasm but do no damage.
The endoplasm is severely wounded.
The endoplasm jiggles.
The endoplasm freezes you.
You are frozen.
The endoplasm freezes you.
You are frozen.
* * * LOW HITPOINT WARNING * * *
You hit the endoplasm but do no damage.
The endoplasm is severely wounded.
A bat comes into view.
The endoplasm freezes you.
You are frozen.
You die...

####. ∩. #....#.#
. #.>....##
.J#b......
.........#
#.$....# ##
#....K.# ... #J#
#.## #####@#
#..#######.....#
####.........#####
#....8....####
..##...##.#
##.##..# #'#..##
#'#.. ##⌠##.


You could see an endoplasm, a bat and a kobold.

Vanquished Creatures
  A ball python (D:1)
  A rat (D:1)
2 creatures vanquished.

Notes
Turn   | Place    | Note
-------+----------+-------------------------------------------
     0 | D:1      | avis the Hill Orc Monk began the quest for the Orb.
     0 | D:1      | Reached XP level 1. HP: 19/19 MP: 1/1
    22 | D:1      | Found Raeranna's Jewellery Emporium.
    34 | D:1      | Frozen to death by an endoplasm

Illustrated notes

Levels and vault maps discovered:
D:1:      grunt_arrival_crossed_arrows, layout_loops_cross,
          ebering_ecumenical_altar_box, serial_shops, nicolae_shop_behind_doors,
          nicolae_shop_crystal, shop,
          nicolae_shop_temple_entry_statues_fountains, shop_fountains,
          minmay_tromino_v2

Action                   || total
-------------------------++-------
Melee: Hand axe          ||    11
Dodge: Dodged            ||     3

Table legend: (Time is in decaauts)
 A = Elapsed time spent in this place.
 B = Non-inter-level travel time spent in this place.
 C = Inter-level travel time spent in this place.
 D = Time resting spent in this place.
 E = Time spent auto-exploring this place.
 F = Levels seen in this place.
 G = Mean time per level.
                   A        B        C        D        E       F      G
               +--------+--------+--------+--------+--------+-----+--------+
         Total |     35 |     35 |      0 |      0 |     20 |   1 |   35.0 |
       Dungeon |     35 |     35 |      0 |      0 |     20 |   1 |   35.0 |
               +--------+--------+--------+--------+--------+-----+--------+

Top non-repeatable levels by time:
     D:1: 35 daAuts
